Map: Ephemeron LE

Players

Astrea - Winner!

  • Race: Protoss Protoss
  • Spawn Location: 5:00

PtitDrogo

  • Race: Protoss Protoss
  • Spawn Location: 11:00

VOD

Have the link to the VOD?

Description

Time

  • Played on: Sept. 6, 2019, 8:31 p.m.
  • Length: 10:57
Show
View Real Time Build Order
Export as new Build Order

Astrea Protoss - Winner!

Build Orders:  

Get SALT Encoding   

  12  0:00  Probe  
  13  0:13  Probe  
  14  0:17  Pylon  
  14  0:23  Probe  
  15  0:31  Probe  
  16  0:38  Gateway  
  16  0:39  Probe  
  16  0:46  Assimilator  
  17  0:51  Probe  
  17  0:54  Assimilator  
  18  0:59  Probe  
  19  1:07  Gateway, Probe  
  19  1:17  Probe  
  20  1:25  Cybernetics Core  
  21  1:29  Probe  
  22  1:36  Pylon  
  22  1:42  Probe  
  23  1:52  Warp Gate  
  23  1:54  Probe  
  24  2:02  Stalker  
  24  2:03  Stalker  
  24  2:06  Probe  
  29  2:14  Pylon  
  29  2:18  Probe  
  30  2:30  Probe  
  30  2:33  Stalker  
  30  2:36  Stalker  
  35  2:46  Robotics Facility  
  35  2:54  Pylon  
  35  3:03  Stalker  
  37  3:29  Warp Prism  
  39  3:44  Stalker x2  
  43  3:51  Nexus  
  43  4:02  Probe  
  44  4:03  Pylon  
  44  4:05  Observer  
  45  4:14  Probe  
  46  4:22  Adept x2  
  50  4:26  Probe  
  50  4:29  Shield Battery  
  51  4:38  Probe  
  52  4:39  Pylon  
  52  4:43  Sentry  
  54  4:48  Immortal  
  54  4:53  Probe  
  59  5:00  Observer  
  59  5:05  Probe  
  60  5:10  Probe  
  61  5:15  Sentry x2  
  61  5:17  Probe  
  66  5:22  Probe  
  66  5:25  Robotics Bay  
  67  5:29  Shield Battery x2  
  67  5:30  Immortal  
  71  5:45  Shield Battery  
  71  5:46  Stalker  
  71  5:48  Sentry  
  75  5:57  Pylon  
  75  6:02  Probe  
  75  6:03  Probe  
  77  6:09  Assimilator  
  77  6:11  Assimilator  
  77  6:14  Probe  
  77  6:18  Zealot x2  
  80  6:22  Probe  
  76  6:26  Disruptor  
  76  6:27  Probe  
  77  6:34  Probe  
  79  6:42  Probe, Stalker x2  
  79  6:44  Probe  
  83  6:47  Pylon  
  83  6:49  Gravitic Drive  
  83  6:50  Probe  
  84  6:57  Probe  
  84  7:00  Disruptor  
  84  7:01  Probe  
  86  7:09  Probe  
  86  7:13  Probe  
  86  7:15  Twilight Council  
  91  7:17  Pylon  
  89  7:29  Warp Prism  
  83  7:51  Blink  
  83  7:58  Disruptor  
  79  8:03  Stalker  
  79  8:04  Stalker  
  79  8:05  Gateway, Forge  
  83  8:11  Gateway  
  83  8:12  Nexus  
  86  8:20  Pylon, Probe  
  86  8:21  Probe  
  86  8:22  Pylon  
  86  8:27  Disruptor  
  81  8:34  Stalker x2  
  81  8:40  Protoss Ground Weapons Level 1  
  82  8:55  Probe  
  81  8:58  Stalker x2  
  83  9:03  Observer  
  83  9:06  Disruptor  
  76  9:15  Probe x2  
  79  9:20  Stalker x2  
  80  9:27  Stalker  
  80  9:28  Stalker  
  80  9:29  Shield Battery  
  80  9:30  Shield Battery  
  84  9:43  Gateway  
  84  9:45  Gateway  
  84  9:52  Sentry x2  
  91  9:57  Dark Shrine  
  91  10:02  Observer  
  91  10:05  Zealot x2  
  93  10:10  Photon Cannon  
  93  10:11  Photon Cannon  
  82  10:31  Probe x3  
  84  10:37  Stalker x4  
  90  10:56  Stalker x2  
Show
View Real Time Build Order
Export as new Build Order

PtitDrogo Protoss 

Build Orders:  

Get SALT Encoding   

  12  0:00  Probe  
  13  0:12  Probe  
  14  0:17  Pylon  
  14  0:24  Probe  
  15  0:33  Probe  
  15  0:35  Gateway  
  15  0:41  Probe  
  16  0:46  Assimilator  
  17  0:51  Probe  
  17  0:55  Assimilator  
  18  0:59  Probe  
  19  1:07  Gateway, Probe  
  19  1:17  Probe  
  20  1:23  Cybernetics Core  
  21  1:29  Probe  
  22  1:33  Pylon  
  22  1:41  Probe  
  23  1:49  Warp Gate  
  23  1:54  Probe  
  24  1:59  Stalker  
  24  2:00  Sentry  
  28  2:06  Probe  
  29  2:11  Pylon  
  29  2:20  Pylon  
  33  2:38  Sentry  
  31  2:44  Probe  
  31  2:45  Nexus  
  31  2:48  Sentry  
  34  2:57  Probe  
  35  2:58  Pylon  
  35  3:01  Pylon  
  35  3:05  Stalker  
  37  3:10  Shield Battery  
  37  3:18  Stalker  
  39  3:28  Shield Battery  
  37  3:43  Stalker  
  37  3:45  Gateway  
  37  3:46  Robotics Facility  
  39  3:54  Shield Battery  
  39  3:55  Shield Battery  
  39  3:58  Stalker  
  41  4:06  Sentry  
  43  4:20  Phoenix  
  43  4:21  Stalker  
  45  4:26  Warp Prism  
  45  4:27  Probe x2  
  47  4:32  Stalker  
  51  4:39  Probe  
  51  4:44  Probe  
  53  4:52  Probe, Stalker  
  56  4:57  Stalker  
  58  5:00  Probe  
  58  5:04  Probe  
  56  5:12  Probe  
  57  5:16  Probe  
  57  5:18  Sentry x2  
  62  5:31  Pylon  
  62  5:33  Pylon  
  62  5:39  Probe x2  
  60  5:45  Twilight Council  
  58  5:51  Zealot x3, Probe x2  
  66  6:03  Probe x2  
  64  6:12  Stalker x2  
  64  6:15  Probe x2  
  64  6:17  Immortal  
  64  6:27  Probe  
  64  6:31  Probe  
  58  6:35  Adept x2  
  58  6:39  Probe  
  62  6:46  Stalker  
  64  6:47  Blink  
  64  6:52  Assimilator  
  64  6:54  Assimilator  
  64  7:01  Probe  
  64  7:02  Probe  
  66  7:14  Probe x2  
  64  7:24  Stalker x2  
  64  7:26  Probe x2  
  66  7:38  Probe x2  
  66  7:42  Stalker  
  70  7:49  Stalker x2  
  73  7:59  Immortal  
  73  8:02  Pylon  
  73  8:03  Pylon  
  73  8:04  Pylon  
  77  8:14  Gateway  
  67  8:22  Dark Shrine  
  67  8:31  Stalker x3  
  56  8:54  Stalker x3  
  53  9:15  Stalker  
  51  9:18  Stalker x3  
  51  9:24  Warp Prism  
  57  9:26  Probe x2  
  61  9:37  Dark Templar  
  63  9:42  Dark Templar  
  63  9:56  Dark Templar x2  
  57  10:12  Stalker  
  57  10:14  Probe  
  58  10:18  Probe  
  57  10:26  Probe  
  56  10:30  Dark Templar x3  
  56  10:32  Probe  
  61  10:42  Archon  
  60  10:50  Stalker  
Tags
 
Add a new tag
Caveats
  • Supply blocks, unpowered buildings, or Contaminate may cause inaccurate times.
  • Supply counts are checked every 10 seconds.